 Dungeon Sprint DCSS version 0.22-a0-565-gfc6459a524 (webtiles) character file.

4300000 Jannitor the Conqueror (level 27, -19/273 HPs)
             Began as a Ghoul Warper on June 28, 2018.
             Was the Champion of Makhleb.
             Demolished by The Servant
             ... wielding a +9 glaive of flaming
              (32 damage)
             ... in the Dungeon (Sprint VIII: "Arena of Blood").
             The game lasted 00:02:33 (43 turns).

Jannitor the Conqueror (Ghoul Warper)                 Turns: 43, Time: 00:02:34

Health: -19/273    AC:  6    Str: 19    XL:     27
Magic:  11/53      EV: 32    Int:  8    God:    Makhleb [******]
Gold:   0          SH:  0    Dex: 17    Spells: 80/80 levels left

rFire    . . .     SeeInvis .   c - +∞ Axe of Woe
rCold    + . .     Gourm    .   (shield currently unavailable)
rNeg     + + +     Faith    .   b - +0 leather armour
rPois    ∞         Spirit   .   (no helmet)
rElec    .         Reflect  .   (no cloak)
rCorr    .         Harm     .   (no gloves)
MR       ++...     NoTele   +   (no boots)
Stlth    +++++++++.             (no amulet)
HPRegen  0.00/turn              (no ring)
MPRegen  0.33/turn              (no ring)

@: rotting
A: rotting body, claws 1, carnivore, cold resistance 1, negative energy
resistance 3, inhibited regeneration, torment resistance, unbreathing
a: Minor Destruction, Lesser Servant of Makhleb, Major Destruction, Greater
Servant of Makhleb, Renounce Religion


You were in the Dungeon.
You worshipped Makhleb.
Makhleb was exalted by your worship.
You were not hungry.

You visited 1 branch

Inventory:

Hand Weapons
 a - a +0 hand axe
 c - the +∞ Axe of Woe (weapon)
   (You found it in the Dungeon)
Missiles
 e - 5 tomahawks of dispersal (quivered)
Armour
 b - a +0 leather armour (worn)
Scrolls
 d - 2 scrolls of blinking
Potions
 g - a potion of curing
 h - a potion of heal wounds
 i - a potion of haste
 j - 2 potions of magic
 k - a potion of berserk rage
Comestibles
 f - a ration


   Skills:
 O Level 27 Fighting
 O Level 27 Axes
 O Level 27 Throwing
 O Level 27 Armour
 O Level 27 Dodging
 O Level 27 Stealth
 O Level 27 Unarmed Combat
 O Level 27 Spellcasting
   Level 2.6 Translocations
 O Level 27 Invocations


You had 80 spell levels left.
You didn't know any spells.
Your spell library contained the following spells:

 Spells                   Type           Power        Failure   Level  Hunger
 Teleport Other           Tloc           ###.....     3%          3    None
 Blink                    Tloc           N/A          1%          2    None
 Passage of Golubria      Tloc           N/A          10%         4    ##.....
 Shroud of Golubria       Chrm/Tloc      ##........   2%          2    None
 Gell's Gravitas          Tloc           ###.......   3%          3    None
 Lesser Beckoning         Tloc           ###.......   3%          3    None


Dungeon Overview and Level Annotations

Branches:
Dungeon (1/1)

Altars:
Makhleb

Annotations:
D The Servant


Innate Abilities, Weirdness & Mutations

Your body is rotting away.
You thrive on raw meat.
You are immune to poison.
You have sharp fingernails.
You are carnivorous and can eat meat at any time.
Your flesh is cold resistant. (rC+)
You are immune to negative energy. (rN+++)
You do not regenerate when monsters are visible.
You are immune to unholy pain and torment.
You can survive without breathing.


Message History

The destroyer shouts!
You dice the large bag of meat like an onion!!!
You pulverise the large bag of meat into a thin bloody mist.
The large bag of meat explodes!
The fiery explosion engulfs you! Makhleb accepts your kill.
You slice the meat berserker!!
You slaughter the meat berserker joyfully.
You kill the meat berserker!
Makhleb accepts your kill.
You are engulfed in blazing flames.
* * * LOW HITPOINT WARNING * * *
You hear a shout!
The corpses begin to drag themselves along the ground!
You hear a shout! x2
The destroyer blinks!
The Servant hits you from afar with a +9 glaive of flaming!!!
* * * LOW HITPOINT WARNING * * *
The Servant burns you!!
You die...

..####.... ....
......o........o....
........o..z..#.....
.......Oo...........
...............o.#...
.....#.......§§V... ..
......#.......O§§.##....
. ....###.))Vx§)@.......
.###......)))zXx)###....
.._.......)))§xo@x......
.....#....).O#x#§......
_.<._#.......§§§oo.....
....)#......#.#.#O.§...
.._..))..........o.....
.###.))......#.#O#.V#..
......###.......o..#...


You could see The Servant, 3 destroyers, 2 sculptors of flesh, a large bag of
meat (inner flame), a large abomination, 3 meat berserkers, 9 bags of meat and 5
crawling corpses.

Vanquished Creatures
  4 vampire knights (D)
  16 ogres (D)
  2 two-headed ogres (D)
  42 orcs (D)
  A skeletal warrior (D)
  5 large abominations (D)
  2 small abominations (D)
  4 crawling corpses (D)
76 creatures vanquished.

Notes
Turn   | Place    | Note
-------+----------+-------------------------------------------
     0 | D        | Found the +∞ Axe of Woe
     0 | D        | Jannitor the Ghoul Warper began the quest for the Orb.
     0 | D        | Reached XP level 1. HP: 17/17 MP: 2/2
     2 | D        | Noticed a bag of meat
     2 | D        | Noticed a bag of meat
     4 | D        | Became a worshipper of Makhleb the Destroyer
     4 | D        | Noticed a bag of meat
     4 | D        | Noticed a bag of meat
     6 | D        | Noticed a meat berserker
     6 | D        | Noticed a bag of meat
     7 | D        | Killed a bag of meat
     7 | D        | Reached XP level 2. HP: 47/47 MP: 2/15
     7 | D        | Reached XP level 3. HP: 53/53 MP: 2/17
     7 | D        | Reached XP level 4. HP: 61/61 MP: 2/18
     7 | D        | Reached XP level 5. HP: 68/68 MP: 2/20
     7 | D        | Reached XP level 6. HP: 75/75 MP: 2/21
     7 | D        | Reached XP level 7. HP: 82/82 MP: 2/23
     7 | D        | Reached XP level 8. HP: 90/90 MP: 2/24
     7 | D        | Reached XP level 9. HP: 96/96 MP: 2/25
     7 | D        | Reached XP level 10. HP: 104/104 MP: 2/26
     7 | D        | Reached XP level 11. HP: 111/111 MP: 2/27
     7 | D        | Reached XP level 12. HP: 118/118 MP: 2/28
     7 | D        | Noticed a bag of meat
     7 | D        | Noticed a bag of meat
     8 | D        | Killed a bag of meat
     8 | D        | Reached skill level 15 in Axes
     8 | D        | Reached skill level 5 in Throwing
     8 | D        | Reached skill level 5 in Armour
     8 | D        | Reached skill level 15 in Spellcasting
     8 | D        | Reached XP level 13. HP: 130/130 MP: 2/31
     8 | D        | Noticed a bag of meat
     8 | D        | Noticed a bag of meat
     9 | D        | Killed a meat berserker
     9 | D        | Reached * piety under Makhleb
     9 | D        | Reached XP level 14. HP: 146/146 MP: 2/32
     9 | D        | Noticed a bag of meat
    10 | D        | Killed a bag of meat
    10 | D        | Reached XP level 15. HP: 155/155 MP: 3/33
    10 | D        | Reached ** piety under Makhleb
    10 | D        | Reached skill level 15 in Stealth
    12 | D        | Reached XP level 16. HP: 168/168 MP: 3/34
    12 | D        | Reached skill level 15 in Armour
    12 | D        | Reached *** piety under Makhleb
    13 | D        | Noticed a destroyer
    14 | D        | Noticed a meat berserker
    14 | D        | Noticed a meat berserker
    14 | D        | Noticed a meat berserker
    16 | D        | Noticed a meat berserker
    17 | D        | Killed a meat berserker
    17 | D        | Reached XP level 17. HP: 183/183 MP: 4/35
    17 | D        | Killed a meat berserker
    17 | D        | Reached XP level 18. HP: 196/196 MP: 4/36
    17 | D        | Noticed a meat berserker
    18 | D        | Killed a meat berserker
    18 | D        | Reached **** piety under Makhleb
    18 | D        | Reached skill level 27 in Fighting
    19 | D        | Noticed a meat berserker
    19 | D        | Noticed a meat berserker
    20 | D        | Killed a meat berserker
    20 | D        | Reached skill level 27 in Stealth
    20 | D        | Reached XP level 19. HP: 162/207 MP: 5/37
    20 | D        | Reached ***** piety under Makhleb
    20 | D        | Reached skill level 27 in Axes
    20 | D        | Reached skill level 27 in Dodging
    20 | D        | Noticed a meat berserker
    21 | D        | Reached skill level 27 in Armour
    21 | D        | Reached XP level 20. HP: 216/216 MP: 5/38
    21 | D        | Reached skill level 15 in Throwing
    21 | D        | Noticed a meat berserker
    22 | D        | Reached XP level 21. HP: 224/224 MP: 5/39
    22 | D        | Reached ****** piety under Makhleb
    23 | D        | Reached skill level 27 in Invocations
    23 | D        | Reached skill level 27 in Throwing
    23 | D        | Reached XP level 22. HP: 233/233 MP: 6/42
    25 | D        | Reached skill level 27 in Unarmed Combat
    25 | D        | Reached XP level 23. HP: 240/240 MP: 6/52
    26 | D        | Reached skill level 27 in Spellcasting
    27 | D        | Reached XP level 24. HP: 249/249 MP: 6/53
    27 | D        | Noticed a destroyer
    27 | D        | Noticed a destroyer
    29 | D        | Killed a destroyer
    29 | D        | Noticed a large bag of meat
    30 | D        | Noticed a destroyer
    31 | D        | Reached XP level 25. HP: 257/257 MP: 7/53
    32 | D        | Killed a destroyer
    33 | D        | Noticed The Servant
    34 | D        | Reached XP level 26. HP: 266/266 MP: 8/53
    34 | D        | Noticed a destroyer
    35 | D        | Killed a large bag of meat
    36 | D        | Noticed a large bag of meat
    37 | D        | Reached XP level 27. HP: 273/273 MP: 9/53
    37 | D        | Killed a destroyer
    37 | D        | Noticed a large bag of meat
    38 | D        | Killed a destroyer
    40 | D        | Noticed a destroyer
    42 | D        | Noticed a destroyer
    43 | D        | Killed a large bag of meat
    43 | D        | HP: 13/273 [The Servant/+9 glaive of flaming (64)]
    43 | D        | Demolished by The Servant

Vault maps used:
D:        meatsprint

Skill      XL: |  1  2  3  4  5  6  7  8  9 10 11 12 13 14 15 16 17 18 19 20 21 22 23 |
---------------+----------------------------------------------------------------------+-----
Fighting       | 14 16 19 20 21 24 25 27 | 27.0
Axes           | 13 15 17 18 19 21 22 25 27 | 27.0
Throwing       | 4 5 8 20 27 | 27.0
Armour         | 4 5 11 12 14 18 19 23 27 | 27.0
Dodging        | 12 13 16 18 21 22 25 27 | 27.0
Spellcasting   | 13 15 17 26 27 | 27.0
Stealth        | 12 14 17 21 23 27 | 27.0
Invocations    | 8 23 27 | 27.0
Unarmed Combat | 12 27 | 27.0
Translocations | |  2.6

Action                   |  1- 3 |  4- 6 |  7- 9 | 10-12 | 13-15 | 16-18 | 19-21 | 22-24 | 25-27 || total
-------------------------+-------+-------+-------+-------+-------+-------+-------+-------+-------++-------
Melee: Executioner's axe |     1 |       |       |     1 |     3 |     3 |     3 |     7 |     8 ||    26
Dodge: Dodged            |       |       |       |       |       |       |       |       |     1 ||     1

Table legend:
 A = Spawn XP
 B = Non-spawn XP
 C = Spawn XP percentage of total XP
 D = Spawn monster count
 E = Non-spawn monster count
 F = Spawn count percentage of total count
 G = Total turns spent on level
                    A         B        C        D         E        F      G
               +---------+---------+-------+---------+---------+-------+---------
         Total |       0 | 1701681 |   0.0 |       0 |      72 |   0.0 |    43
               +---------+---------+-------+---------+---------+-------+---------
             D |       0 | 1701681 |   0.0 |       0 |      72 |   0.0 |    43
               +---------+---------+-------+---------+---------+-------+---------
